cohdb
Replays
Latest Replays
All Replays
Popular Replays
Top Player Replays
Match Explorer
How It Works
Community
CoH3 Stats
Reddit
Sign in to upload your games and track your stats! →
Sign in with Steam
Match 45729640
Unlisted
Match 45729640
Overview
Messages
Build Orders
End
Kettenkrad Recon Vehicle
Construct Infanterie Kompanie
Selects Breakthrough Battlegroup
Selects Breakthrough Battlegroup
Selects Assault Grenadiers
MG 42 Machine Gun Team
Grenadier Squad
Grenadier Squad
Grenadier Squad
Construct Panzergrenadier Kompanie
MG 42 Machine Gun Team
Support Elements
Medical Station
Selects Rapid Production
StuG III G Assault Gun
Nebelwerfer 42 Rocket Launcher Team
StuG III G Assault Gun
Panzergrenadier Officer Quarters
Nebelwerfer 42 Rocket Launcher Team
Selects Blitzkrieg
Side Skirts
Pioneer Squad
MG 42 Bunker
위험지역 총알택시
Seocheon
INnoVation
Agnes Claudel
0
0
Comments
sign in to comment!
No comments posted yet!